[ AOE2 MATCH · #475788163 ]
UnrankedTurks vs Shu
Player's team · LOSS
[ REPLAY ANALYSIS · EXTRACTED FROM THE RECORDED GAME ]
Feudal
14:12
Castle
18:43
Imperial
31:13
| APM avg | 11.6 |
| APM peak | 27 |
| eAPM avg | 9.5 |
| Villagers / military | 87 / 158 |
Focus
⚔️ 31.1% · 🌾 68.9%
Scout Cavalry ×105 · Hand Cannoneer ×24 · Janissary ×11 · Bombard Cannon ×10 · Knight ×8
Feudal
10:02
Castle
15:29
Imperial
28:02
| APM avg | 30.3 |
| APM peak | 69 |
| eAPM avg | 19.2 |
| Villagers / military | 167 / 150 |
Focus
⚔️ 32.6% · 🌾 67.4%
Archer ×125 · Battering Ram ×25 · Unknown (1942) ×7
Feudal
9:07
Castle
19:47
Imperial
30:08
| APM avg | 38.1 |
| APM peak | 111 |
| eAPM avg | 27.8 |
| Villagers / military | 66 / 75 |
Focus
⚔️ 34.3% · 🌾 65.7%
Skirmisher ×42 · Mangudai ×12 · Trebuchet (Packed) ×7 · Spearman ×6 · Mangonel ×5 · Petard ×3
Feudal
11:28
Castle
15:05
Imperial
34:06
| APM avg | 23.6 |
| APM peak | 58 |
| eAPM avg | 15.0 |
| Villagers / military | 108 / 113 |
Focus
⚔️ 17.8% · 🌾 82.2%
Archer ×105 · Bombard Cannon ×3 · Scorpion ×2 · Trebuchet (Packed) ×2 · War Elephant ×1
Match map
Initial resources + every placement click. Lines = walls · curves = elevation contours. ◆ gold · ⬟ stone · ● berries · ✦ relic · ◌ wall gap
Inputs per minute
— Lord Bendtner - - 打架少个人舔包多双手
Build order — Lord Bendtner
First 150 of 199 actions detected
| 0:06 | Create | Villager (Male) ×4 |
| 0:09 | Build | House |
| 0:11 | Build | House |
| 1:33 | Create | Villager (Male) |
| 1:34 | Research | Loom |
| 2:13 | Create | Villager (Male) |
| 2:13 | Create | Villager (Male) |
| 2:49 | Create | Villager (Male) |
| 2:49 | Create | Villager (Male) |
| 3:01 | Create | Villager (Male) |
| 4:01 | Create | Villager (Male) |
| 4:01 | Create | Villager (Male) |
| 4:01 | Create | Villager (Male) |
| 4:01 | Create | Villager (Male) |
| 4:08 | Build | Lumber Camp |
| 4:18 | Build | House |
| 5:01 | Create | Villager (Male) |
| 5:02 | Create | Villager (Male) |
| 5:02 | Create | Villager (Male) |
| 5:02 | Create | Villager (Male) |
| 5:02 | Create | Villager (Male) |
| 5:38 | Create | Villager (Male) ×2 |
| 5:48 | Build | Mining Camp |
| 6:47 | Create | Villager (Male) |
| 7:11 | Create | Villager (Male) ×2 |
| 7:29 | Build | House |
| 7:31 | Build | House |
| 8:20 | Build | Mill |
| 8:53 | Build | Mill |
| 9:06 | Create | Villager (Male) |
| 9:49 | Create | Villager (Male) ×5 |
| 10:34 | Build | House |
| 10:35 | Build | House |
| 11:39 | Research | Feudal Age |
| 11:52 | Build | Farm |
| 11:54 | Build | Farm |
| 11:59 | Build | Farm |
| 12:00 | Build | Farm |
| 12:01 | Build | Farm |
| 12:03 | Build | Farm |
| 12:05 | Build | Farm |
| 12:10 | Build | Farm |
| 14:12 | Age | Feudal Age |
| 14:14 | Build | Blacksmith |
| 14:19 | Build | Market |
| 14:23 | Research | Wheelbarrow |
| 14:29 | Build | Farm |
| 14:32 | Build | Farm |
| 14:39 | Build | Mining Camp |
| 16:03 | Research | Castle Age |
| 16:21 | Research | Stone Mining |
| 16:49 | Research | Horse Collar |
| 16:52 | Research | Double-Bit Axe |
| 16:55 | Research | Gold Mining |
| 18:43 | Age | Castle Age |
| 18:54 | Build | Town Center |
| 19:02 | Create | Villager (Male) ×5 |
| 19:53 | Build | Town Center |
| 20:32 | Build | Castle |
| 20:41 | Create | Villager (Male) ×5 |
| 20:46 | Create | Villager (Male) ×5 |
| 21:58 | Create | Villager (Male) ×5 |
| 22:02 | Create | Villager (Male) ×5 |
| 22:51 | Create | Villager (Male) ×5 |
| 23:05 | Build | Town Center |
| 23:13 | Build | Lumber Camp |
| 23:24 | Build | House |
| 23:26 | Build | House |
| 23:28 | Build | House |
| 24:09 | Build | Barracks |
| 24:24 | Create | Villager (Male) ×5 |
| 24:29 | Build | Farm |
| 24:31 | Build | Farm |
| 24:32 | Build | Farm |
| 24:34 | Build | Farm |
| 24:37 | Build | Farm |
| 24:49 | Create | Villager (Male) ×3 |
| 24:54 | Build | Farm |
| 25:01 | Build | Farm |
| 25:10 | Build | Siege Workshop |
| 25:17 | Build | Farm |
| 25:20 | Build | Farm |
| 25:27 | Create | Villager (Male) ×3 |
| 25:43 | Build | Farm |
| 25:45 | Build | Farm |
| 26:08 | Build | Farm |
| 26:12 | Build | Farm |
| 26:17 | Create | Villager (Male) ×5 |
| 26:24 | Build | Farm |
| 26:29 | Build | Siege Workshop |
| 26:33 | Build | Archery Range |
| 26:34 | Build | Archery Range |
| 26:38 | Build | Farm |
| 26:48 | Build | Farm |
| 26:54 | Build | Farm |
| 26:58 | Build | Farm |
| 27:48 | Build | Archery Range |
| 27:53 | Build | House |
| 27:54 | Build | House |
| 27:55 | Build | House |
| 27:56 | Build | House |
| 27:57 | Build | House |
| 27:59 | Build | House |
| 28:03 | Research | Imperial Age |
| 28:14 | Create | Janissary ×2 |
| 28:23 | Research | Padded Archer Armor |
| 28:25 | Build | Farm |
| 28:28 | Build | Farm |
| 28:29 | Build | Farm |
| 28:32 | Build | Farm |
| 28:37 | Create | Villager (Male) |
| 28:37 | Create | Villager (Male) |
| 28:38 | Create | Villager (Male) |
| 28:48 | Create | Villager (Male) ×3 |
| 29:18 | Research | Hand Cart |
| 29:56 | Research | Scale Barding Armor |
| 29:56 | Research | Forging |
| 30:12 | Build | Stable |
| 30:17 | Build | Stable |
| 30:18 | Build | Stable |
| 30:20 | Build | Stable |
| 30:20 | Build | Stable |
| 30:21 | Build | Stable |
| 30:22 | Build | Stable |
| 30:26 | Build | Stable |
| 30:43 | Research | Chain Barding Armor |
| 30:45 | Research | Bow Saw |
| 30:49 | Research | Heavy Plow |
| 30:51 | Research | Gold Shaft Mining |
| 30:54 | Create | Janissary ×2 |
| 31:13 | Age | Imperial Age |
| 31:19 | Create | Bombard Cannon ×2 |
| 31:22 | Create | Bombard Cannon |
| 31:33 | Create | Bombard Cannon |
| 31:39 | Create | Hand Cannoneer ×5 |
| 31:39 | Create | Hand Cannoneer ×5 |
| 31:39 | Create | Hand Cannoneer ×5 |
| 31:46 | Create | Janissary ×2 |
| 31:56 | Create | Villager (Male) ×3 |
| 32:11 | Build | Mining Camp |
| 32:19 | Create | Bombard Cannon ×2 |
| 32:21 | Create | Hand Cannoneer ×4 |
| 32:28 | Build | Farm |
| 32:50 | Build | Stable |
| 32:53 | Build | Stable |
| 32:54 | Build | Stable |
| 32:56 | Build | Stable |
| 33:09 | Research | Plate Barding Armor |
| 33:13 | Create | Hand Cannoneer ×5 |
| 33:23 | Build | Stable |
Build order — 打架少个人舔包多双手
First 150 of 434 actions detected
| 0:01 | Create | Villager (Male) |
| 0:01 | Create | Villager (Male) |
| 0:02 | Build | House |
| 0:03 | Build | House |
| 0:40 | Create | Villager (Male) |
| 0:40 | Create | Villager (Male) |
| 0:41 | Create | Villager (Male) |
| 1:26 | Create | Villager (Male) |
| 1:27 | Create | Villager (Male) |
| 1:46 | Build | Lumber Camp |
| 2:16 | Create | Villager (Male) |
| 2:16 | Create | Villager (Male) |
| 2:28 | Create | Villager (Male) |
| 2:29 | Create | Villager (Male) |
| 3:01 | Create | Villager (Male) |
| 3:01 | Create | Villager (Male) |
| 3:18 | Create | Villager (Male) |
| 3:18 | Create | Villager (Male) |
| 3:37 | Build | Mill |
| 3:41 | Create | Villager (Male) |
| 3:53 | Create | Villager (Male) |
| 3:53 | Create | Villager (Male) |
| 4:01 | Build | House |
| 4:33 | Create | Villager (Male) |
| 4:34 | Create | Villager (Male) |
| 4:50 | Create | Villager (Male) |
| 4:50 | Create | Villager (Male) |
| 5:10 | Create | Villager (Male) |
| 5:11 | Create | Villager (Male) |
| 5:34 | Build | House |
| 6:09 | Create | Villager (Male) |
| 6:09 | Create | Villager (Male) |
| 6:12 | Create | Villager (Male) |
| 6:12 | Create | Villager (Male) |
| 6:12 | Create | Villager (Male) |
| 6:33 | Create | Villager (Male) |
| 7:17 | Create | Villager (Male) |
| 7:29 | Build | Mining Camp |
| 7:52 | Research | Feudal Age |
| 7:52 | Research | Feudal Age |
| 8:28 | Create | Villager (Male) |
| 8:28 | Create | Villager (Male) |
| 8:38 | Create | Villager (Male) |
| 8:39 | Create | Villager (Male) |
| 10:02 | Age | Feudal Age |
| 10:05 | Build | Market |
| 10:10 | Build | Blacksmith |
| 10:18 | Research | Double-Bit Axe |
| 11:04 | Build | House |
| 11:14 | Create | Villager (Male) |
| 11:32 | Research | Horse Collar |
| 11:47 | Build | Farm |
| 12:08 | Research | Loom |
| 12:49 | Research | Castle Age |
| 12:52 | Build | Farm |
| 12:52 | Build | Farm |
| 12:53 | Build | Farm |
| 12:53 | Build | Farm |
| 12:53 | Build | Farm |
| 12:54 | Build | Farm |
| 14:11 | Create | Villager (Male) |
| 14:12 | Create | Villager (Male) |
| 14:12 | Create | Villager (Male) |
| 14:33 | Build | Farm |
| 14:58 | Build | Farm |
| 15:29 | Age | Castle Age |
| 15:34 | Build | Town Center |
| 15:40 | Create | Villager (Male) |
| 15:40 | Create | Villager (Male) |
| 15:43 | Research | Bow Saw |
| 15:47 | Create | Villager (Male) |
| 16:14 | Build | Town Center |
| 16:18 | Create | Villager (Male) |
| 16:18 | Create | Villager (Male) |
| 16:28 | Create | Villager (Male) |
| 16:28 | Create | Villager (Male) |
| 16:38 | Build | Farm |
| 16:40 | Build | Farm |
| 16:48 | Build | Farm |
| 16:50 | Create | Villager (Male) |
| 16:50 | Create | Villager (Male) |
| 16:57 | Create | Villager (Male) |
| 16:58 | Create | Villager (Male) |
| 17:19 | Create | Villager (Male) |
| 17:19 | Create | Villager (Male) |
| 17:24 | Build | Farm |
| 17:26 | Create | Villager (Male) |
| 17:26 | Create | Villager (Male) |
| 17:28 | Build | Farm |
| 17:29 | Build | Farm |
| 17:30 | Build | Farm |
| 17:30 | Build | Farm |
| 17:31 | Build | Farm |
| 17:31 | Build | Farm |
| 17:31 | Build | Farm |
| 17:37 | Create | Villager (Male) |
| 17:37 | Create | Villager (Male) |
| 17:37 | Create | Villager (Male) |
| 17:39 | Create | Villager (Male) |
| 17:42 | Build | Farm |
| 17:54 | Build | Farm |
| 17:55 | Create | Villager (Male) |
| 18:03 | Create | Villager (Male) |
| 18:03 | Create | Villager (Male) |
| 18:06 | Build | Farm |
| 18:14 | Build | Farm |
| 18:15 | Create | Villager (Male) |
| 18:15 | Create | Villager (Male) |
| 18:19 | Create | Villager (Male) |
| 18:19 | Create | Villager (Male) |
| 18:23 | Build | Farm |
| 18:27 | Build | Farm |
| 18:37 | Build | Farm |
| 18:37 | Create | Villager (Male) |
| 18:38 | Create | Villager (Male) |
| 18:44 | Build | House |
| 18:48 | Create | Villager (Male) |
| 18:48 | Create | Villager (Male) |
| 18:49 | Create | Villager (Male) |
| 18:49 | Create | Villager (Male) |
| 18:56 | Build | Farm |
| 18:57 | Create | Villager (Male) |
| 18:58 | Create | Villager (Male) |
| 19:01 | Build | Farm |
| 19:11 | Build | House |
| 19:12 | Build | House |
| 19:13 | Build | House |
| 19:25 | Build | Farm |
| 19:27 | Create | Villager (Male) |
| 19:27 | Create | Villager (Male) |
| 19:27 | Create | Villager (Male) |
| 19:27 | Create | Villager (Male) |
| 19:28 | Create | Villager (Male) |
| 19:40 | Build | Farm |
| 19:43 | Build | Farm |
| 19:44 | Create | Villager (Male) |
| 19:50 | Create | Villager (Male) |
| 19:53 | Build | House |
| 19:58 | Create | Villager (Male) |
| 19:58 | Create | Villager (Male) |
| 20:05 | Build | Farm |
| 20:12 | Build | Farm |
| 20:13 | Create | Villager (Male) |
| 20:14 | Create | Villager (Male) |
| 20:22 | Build | House |
| 20:23 | Build | House |
| 20:25 | Build | House |
| 20:26 | Create | Villager (Male) |
| 20:38 | Build | Farm |
| 20:39 | Create | Villager (Male) |
Build order — lemuel_db
First 150 of 217 actions detected
| 0:02 | Create | Villager (Male) |
| 0:04 | Build | House |
| 0:07 | Build | House |
| 0:08 | Build | House |
| 0:09 | Build | House |
| 0:17 | Create | Villager (Male) |
| 0:30 | Create | Villager (Male) |
| 0:31 | Create | Villager (Male) |
| 0:31 | Create | Villager (Male) |
| 1:48 | Create | Villager (Male) |
| 2:04 | Build | Lumber Camp |
| 2:14 | Create | Villager (Male) |
| 2:15 | Create | Villager (Male) |
| 2:15 | Create | Villager (Male) |
| 2:47 | Research | Loom |
| 2:47 | Create | Villager (Male) |
| 2:47 | Create | Villager (Male) |
| 2:48 | Create | Villager (Male) |
| 3:12 | Create | Villager (Male) |
| 3:13 | Create | Villager (Male) |
| 3:13 | Create | Villager (Male) |
| 3:29 | Create | Villager (Male) |
| 3:29 | Create | Villager (Male) |
| 3:29 | Create | Villager (Male) |
| 3:55 | Create | Villager (Male) |
| 3:56 | Create | Villager (Male) |
| 3:56 | Create | Villager (Male) |
| 4:15 | Create | Villager (Male) |
| 4:15 | Create | Villager (Male) |
| 4:16 | Create | Villager (Male) |
| 4:16 | Create | Villager (Male) |
| 4:48 | Create | Villager (Male) |
| 5:10 | Create | Villager (Male) |
| 5:38 | Create | Villager (Male) |
| 5:43 | Create | Villager (Male) |
| 5:46 | Create | Villager (Male) |
| 5:59 | Create | Villager (Male) |
| 6:31 | Build | Mill |
| 6:36 | Create | Villager (Male) |
| 6:51 | Research | Feudal Age |
| 6:51 | Create | Villager (Male) |
| 8:18 | Build | Lumber Camp |
| 9:07 | Age | Feudal Age |
| 9:09 | Research | Double-Bit Axe |
| 9:11 | Research | Horse Collar |
| 9:14 | Create | Villager (Male) |
| 9:42 | Build | Farm |
| 9:43 | Build | Farm |
| 9:46 | Create | Villager (Male) |
| 9:57 | Build | Farm |
| 9:58 | Build | Farm |
| 10:00 | Create | Villager (Male) |
| 10:13 | Build | Farm |
| 10:17 | Create | Villager (Male) |
| 10:26 | Build | Farm |
| 10:29 | Create | Villager (Male) |
| 10:37 | Build | House |
| 10:38 | Build | House |
| 10:39 | Build | House |
| 11:02 | Build | Farm |
| 11:16 | Build | Farm |
| 11:19 | Build | Farm |
| 11:21 | Build | Farm |
| 11:28 | Create | Villager (Male) |
| 11:36 | Build | Farm |
| 11:37 | Build | Farm |
| 11:39 | Create | Villager (Male) |
| 11:48 | Build | Farm |
| 11:54 | Create | Villager (Male) |
| 12:01 | Create | Villager (Male) |
| 12:30 | Build | Blacksmith |
| 12:37 | Create | Villager (Male) |
| 12:58 | Build | Mill |
| 13:04 | Create | Villager (Male) |
| 13:26 | Create | Villager (Male) |
| 13:35 | Build | Mining Camp |
| 13:46 | Create | Villager (Male) |
| 13:50 | Build | Farm |
| 13:54 | Build | Farm |
| 13:57 | Create | Villager (Male) |
| 14:27 | Build | Market |
| 14:42 | Create | Villager (Male) |
| 14:46 | Research | Gold Mining |
| 15:20 | Create | Villager (Male) |
| 15:34 | Build | Mining Camp |
| 16:00 | Create | Villager (Male) |
| 16:12 | Build | House |
| 16:15 | Build | House |
| 16:21 | Create | Villager (Male) |
| 16:41 | Create | Villager (Male) |
| 16:57 | Research | Castle Age |
| 17:01 | Research | Stone Mining |
| 18:05 | Build | Barracks |
| 18:16 | Build | Farm |
| 18:38 | Create | Villager (Male) |
| 18:43 | Research | Wheelbarrow |
| 18:44 | Create | Villager (Male) |
| 18:56 | Create | Spearman |
| 18:57 | Create | Spearman |
| 18:57 | Create | Spearman |
| 18:58 | Create | Spearman |
| 19:04 | Research | Fletching |
| 19:05 | Research | Forging |
| 19:08 | Create | Villager (Male) |
| 19:16 | Create | Spearman |
| 19:26 | Build | Lumber Camp |
| 19:46 | Create | Spearman |
| 19:47 | Age | Castle Age |
| 20:23 | Build | Castle |
| 20:27 | Research | Pikeman (upgrade) |
| 20:28 | Research | Squires |
| 20:30 | Research | Arson |
| 20:37 | Research | Heavy Plow |
| 20:59 | Research | Pikeman (upgrade) |
| 21:00 | Research | Squires |
| 21:30 | Build | Mining Camp |
| 21:37 | Create | Petard |
| 21:38 | Create | Petard |
| 21:38 | Create | Petard |
| 21:49 | Research | Town Watch |
| 21:49 | Create | Villager (Male) |
| 21:49 | Create | Villager (Male) |
| 22:29 | Create | Mangudai |
| 22:29 | Create | Mangudai |
| 22:30 | Create | Mangudai |
| 22:30 | Create | Mangudai |
| 23:29 | Build | Castle |
| 24:42 | Research | Bodkin Arrow |
| 25:46 | Create | Mangudai |
| 25:47 | Create | Mangudai |
| 26:58 | Research | Imperial Age |
| 27:38 | Create | Villager (Male) |
| 27:38 | Create | Villager (Male) |
| 27:38 | Create | Villager (Male) |
| 27:39 | Create | Villager (Male) |
| 27:41 | Build | Farm |
| 27:42 | Build | Farm |
| 27:43 | Build | Farm |
| 29:32 | Build | Castle |
| 29:45 | Build | Siege Workshop |
| 30:08 | Age | Imperial Age |
| 30:12 | Create | Trebuchet (Packed) |
| 30:12 | Create | Trebuchet (Packed) |
| 30:12 | Create | Trebuchet (Packed) |
| 31:02 | Create | Trebuchet (Packed) |
| 31:02 | Create | Trebuchet (Packed) |
| 31:29 | Create | Trebuchet (Packed) |
| 31:30 | Create | Trebuchet (Packed) |
| 31:51 | Build | Lumber Camp |
| 32:16 | Create | Mangudai |
Build order — 折跃探机
First 150 of 283 actions detected
| 0:03 | Build | House |
| 0:05 | Build | House |
| 0:06 | Create | Villager (Male) |
| 0:06 | Create | Villager (Male) |
| 0:07 | Create | Villager (Male) |
| 0:07 | Create | Villager (Male) |
| 0:30 | Create | Villager (Male) |
| 0:31 | Create | Villager (Male) |
| 1:33 | Create | Villager (Male) |
| 1:33 | Create | Villager (Male) |
| 1:48 | Build | Lumber Camp |
| 2:21 | Create | Villager (Male) |
| 2:22 | Create | Villager (Male) |
| 2:22 | Create | Villager (Male) |
| 2:57 | Create | Villager (Male) |
| 2:58 | Create | Villager (Male) |
| 3:15 | Build | House |
| 3:49 | Build | Mill |
| 3:50 | Create | Villager (Male) |
| 3:51 | Create | Villager (Male) |
| 3:51 | Create | Villager (Male) |
| 4:10 | Create | Villager (Male) |
| 4:23 | Build | House |
| 4:25 | Build | House |
| 5:01 | Create | Villager (Male) |
| 5:02 | Create | Villager (Male) |
| 5:24 | Create | Villager (Male) |
| 6:04 | Create | Villager (Male) |
| 6:05 | Create | Villager (Male) |
| 6:13 | Create | Villager (Male) |
| 7:18 | Create | Villager (Male) |
| 7:43 | Create | Villager (Male) |
| 7:43 | Create | Villager (Male) |
| 8:18 | Create | Villager (Male) |
| 8:39 | Build | Farm |
| 8:49 | Build | Mining Camp |
| 8:54 | Create | Villager (Male) |
| 9:00 | Build | Farm |
| 9:05 | Research | Feudal Age |
| 9:16 | Build | Farm |
| 11:26 | Create | Villager (Male) |
| 11:28 | Age | Feudal Age |
| 11:29 | Research | Double-Bit Axe |
| 11:35 | Build | Market |
| 11:45 | Build | Blacksmith |
| 11:50 | Create | Villager (Male) |
| 12:40 | Research | Castle Age |
| 12:40 | Research | Castle Age |
| 13:03 | Research | Horse Collar |
| 13:11 | Build | Farm |
| 13:13 | Build | Farm |
| 13:42 | Build | House |
| 13:47 | Build | House |
| 14:31 | Build | House |
| 15:05 | Age | Castle Age |
| 15:13 | Build | Town Center |
| 15:17 | Build | Town Center |
| 15:20 | Create | Villager (Male) |
| 15:21 | Create | Villager (Male) |
| 15:24 | Build | House |
| 15:40 | Build | Farm |
| 15:41 | Build | Farm |
| 15:43 | Build | Farm |
| 15:50 | Build | Farm |
| 16:02 | Create | Villager (Male) |
| 16:05 | Build | House |
| 16:10 | Build | Farm |
| 16:23 | Create | Villager (Male) |
| 16:32 | Build | Farm |
| 16:37 | Build | Farm |
| 16:38 | Build | Farm |
| 16:49 | Create | Villager (Male) |
| 16:49 | Create | Villager (Male) |
| 16:51 | Build | House |
| 16:58 | Build | Farm |
| 17:04 | Create | Villager (Male) |
| 17:04 | Create | Villager (Male) |
| 17:04 | Create | Villager (Male) |
| 17:04 | Create | Villager (Male) |
| 17:05 | Create | Villager (Male) |
| 17:05 | Create | Villager (Male) |
| 17:05 | Create | Villager (Male) |
| 17:05 | Create | Villager (Male) |
| 17:10 | Build | House |
| 17:14 | Build | Farm |
| 17:21 | Build | Farm |
| 17:30 | Build | Farm |
| 17:30 | Build | Farm |
| 17:36 | Create | Villager (Male) |
| 17:36 | Create | Villager (Male) |
| 17:40 | Build | House |
| 17:43 | Build | Farm |
| 17:46 | Create | Villager (Male) |
| 17:55 | Build | Farm |
| 18:09 | Build | Farm |
| 18:16 | Build | Farm |
| 18:23 | Build | House |
| 18:36 | Build | Farm |
| 18:41 | Create | Villager (Male) |
| 18:41 | Create | Villager (Male) |
| 18:42 | Create | Villager (Male) |
| 18:48 | Build | Farm |
| 18:58 | Build | House |
| 19:05 | Create | Villager (Male) |
| 19:08 | Build | Farm |
| 19:12 | Research | Bow Saw |
| 19:27 | Build | House |
| 19:31 | Build | Farm |
| 19:31 | Create | Villager (Male) |
| 19:32 | Create | Villager (Male) |
| 19:36 | Build | Farm |
| 19:40 | Create | Villager (Male) |
| 19:52 | Create | Villager (Male) |
| 19:59 | Research | Wheelbarrow |
| 20:00 | Create | Villager (Male) |
| 20:00 | Create | Villager (Male) |
| 20:06 | Build | Farm |
| 20:08 | Build | Farm |
| 20:19 | Build | University |
| 20:28 | Build | Farm |
| 20:33 | Create | Villager (Male) |
| 20:33 | Create | Villager (Male) |
| 20:35 | Create | Villager (Male) |
| 20:35 | Create | Villager (Male) |
| 20:35 | Create | Villager (Male) |
| 20:53 | Build | Lumber Camp |
| 20:55 | Create | Villager (Male) |
| 20:55 | Create | Villager (Male) |
| 20:57 | Create | Villager (Male) |
| 21:12 | Build | Town Center |
| 21:14 | Create | Villager (Male) |
| 21:14 | Create | Villager (Male) |
| 21:19 | Build | Farm |
| 21:48 | Build | Siege Workshop |
| 21:51 | Create | Villager (Male) |
| 21:59 | Create | Villager (Male) |
| 21:59 | Create | Villager (Male) |
| 22:16 | Research | Loom |
| 22:24 | Build | Siege Workshop |
| 22:41 | Create | Scorpion |
| 23:03 | Create | Villager (Male) |
| 23:04 | Create | Villager (Male) |
| 24:32 | Create | Scorpion |
| 24:45 | Build | Castle |
| 25:08 | Create | Villager (Male) |
| 25:08 | Create | Villager (Male) |
| 25:09 | Create | Villager (Male) |
| 25:09 | Create | Villager (Male) |
| 25:11 | Create | Villager (Male) |
| 25:11 | Create | Villager (Male) |
Match timeline
| 9:07 | lemuel_db · age_up feudal |
| 10:02 | 打架少个人舔包多双手 · age_up feudal |
| 11:28 | 折跃探机 · age_up feudal |
| 14:12 | Lord Bendtner · age_up feudal |
| 15:05 | 折跃探机 · age_up castle |
| 15:29 | 打架少个人舔包多双手 · age_up castle |
| 16:56 | lemuel_db · first_market_sell 100 wood |
| 18:05 | lemuel_db · first_building Barracks |
| 18:43 | Lord Bendtner · age_up castle |
| 19:47 | lemuel_db · age_up castle |
| 20:23 | lemuel_db · first_building Castle |
| 20:32 | Lord Bendtner · first_building Castle |
| 21:48 | 折跃探机 · first_building Siege Workshop |
| 21:56 | 打架少个人舔包多双手 · first_building Monastery |
| 23:20 | 打架少个人舔包多双手 · first_building Barracks |
| 24:09 | Lord Bendtner · first_building Barracks |
| 24:20 | 打架少个人舔包多双手 · first_building Siege Workshop |
| 24:45 | 折跃探机 · first_building Castle |
| 25:00 | 打架少个人舔包多双手 · first_building Archery Range |
| 25:10 | Lord Bendtner · first_building Siege Workshop |
| 25:55 | 折跃探机 · first_building Barracks |
| 26:04 | lemuel_db · first_market_buy 100 food |
| 26:25 | 折跃探机 · first_building Archery Range |
| 26:33 | Lord Bendtner · first_building Archery Range |
| 28:02 | 打架少个人舔包多双手 · age_up imperial |
| 29:45 | lemuel_db · first_building Siege Workshop |
| 30:08 | lemuel_db · age_up imperial |
| 30:12 | Lord Bendtner · first_building Stable |
| 31:13 | Lord Bendtner · age_up imperial |
| 34:06 | 折跃探机 · age_up imperial |
| 36:18 | lemuel_db · first_building Archery Range |
| 40:10 | Lord Bendtner · resign |
[ AI ANALYSIS · 1 CREDIT ]
What really happened in this match?
Wolo.gg analyzes every decision: build order, eco, micro, common mistakes by bracket. Personalized analysis on WhatsApp or Discord in 30 seconds.
Civ guide
Turks
Perfil
Jugador #940321